 Dungeon Crawl Stone Soup version 0.21.1-1-g345015f (webtiles) character file.

177 shakethe the Chopper (level 5, -2/46 HPs)
             Began as a Hill Orc Gladiator on Feb 26, 2018.
             Slain by a gnoll
             ... wielding a +2 halberd of venom
              (9 damage)
             ... on level 3 of the Dungeon.
             The game lasted 00:03:16 (2638 turns).

shakethe the Chopper (Hill Orc Gladiator)           Turns: 2638, Time: 00:03:17

Health: -2/46      AC: 10    Str: 17    XL:     5   Next: 57%
Magic:  5/5        EV:  7    Int:  9    God:
Gold:   129        SH:  0    Dex: 12    Spells: 4/4 levels left

rFire    . . .     SeeInvis .   a - +0 war axe
rCold    . . .     Gourm    .   (no shield)
rNeg     . . .     Faith    .   q - +0 chain mail
rPois    .         Spirit   .   c - +0 helmet
rElec    .         Reflect  .   (no cloak)
rCorr    .         Harm     .   (no gloves)
MR       .....                  l - +0 pair of boots
Stlth    ..........             (no amulet)
HPRegen  0.15/turn              (no ring)
MPRegen  0.09/turn              (no ring)

@: lethally poisoned (-2 -> -11)
A: no striking features
a: no special abilities


You were on level 3 of the Dungeon.
You were not hungry.

You visited 1 branch of the dungeon, and saw 3 of its levels.

You collected 129 gold pieces.

Inventory:

Hand Weapons
 a - a +0 war axe (weapon)
Missiles
 d - 3 throwing nets {=f, !d}
Armour
 c - a +0 helmet (worn)
 l - a +0 pair of boots (worn)
   (You found it on level 2 of the Dungeon)
 q - a +0 chain mail (worn)
   (You found it on level 3 of the Dungeon)
Scrolls
 e - 8 scrolls of identify {unknown}
 g - a scroll of enchant weapon {unknown}
 i - 2 scrolls of remove curse {unknown}
 k - 2 scrolls of magic mapping {unknown}
 o - a scroll of noise {unknown}
 r - a scroll of fog {unknown}
Potions
 h - a potion of agility {unknown}
 j - a potion of magic {unknown}
Books
 m - a book of Cantrips
   (You found it on level 3 of the Dungeon)
Comestibles
 f - 6 rations


   Skills:
 + Level 4.2 Fighting
 * Level 6.8 Axes
 - Level 1.7 Throwing
 + Level 0.9 Armour
 - Level 2.4 Dodging


You had 4 spell levels left.
You didn't know any spells.

Dungeon Overview and Level Annotations

Branches:
Dungeon (3/15)

Altars:
Ru


Message History

The hobgoblin hits you but does no damage.
The gnoll hits you but does no damage.
You regained 23 hp, and now have 34/46 hp.
Your chain mail prevents you from hitting the hobgoblin.
You barely miss the hobgoblin. The gnoll hits you but does no damage.
The hobgoblin hits you but does no damage. x2
The gnoll hits you but does no damage.
A hobgoblin comes into view. It is wielding a club.
You hit the kobold. You closely miss the hobgoblin. You slash the hobgoblin!
You kill the hobgoblin!
The kobold barely misses you.
The hobgoblin hits you but does no damage.
The gnoll barely misses you. The gnoll hits you but does no damage.
A gnoll comes into view. It is wielding a spear.
The gnoll shouts!
You slash the kobold!
You kill the kobold!
You completely miss the hobgoblin.
The hobgoblin hits you but does no damage.
The gnoll hits you from afar with a spear!
The gnoll barely misses you.
You take 7 damage, and have 27/46 hp.
You hit the hobgoblin. You hit the hobgoblin but do no damage.
The hobgoblin hits you but does no damage.
The gnoll hits you from afar with a spear.
The hobgoblin hits you but does no damage.
The gnoll barely misses you.
You take 1 damage, and have 26/46 hp.
You slash the hobgoblin!
You kill the hobgoblin!
You closely miss the hobgoblin. You hit the hobgoblin.
You kill the hobgoblin!
The gnoll hits you but does no damage.
The hobgoblin hits you but does no damage.
The gnoll hits you from afar with a halberd of venom.
You are poisoned.
The kobold hits you but does no damage.
You take 3 damage, and have 23/46 hp.
You slash the kobold!
You kill the kobold!
You slash the hobgoblin!
You kill the hobgoblin!
You feel sick. The gnoll hits you but does no damage.
The gnoll barely misses you. The gnoll hits you but does no damage.
You take 1 damage, and have 22/46 hp.
You closely miss the gnoll.
You feel sick.
The gnoll hits you but does no damage. x2
The gnoll hits you from afar with a halberd of venom.
You are more poisoned.
The gnoll hits you but does no damage.
You take 4 damage, and have 18/46 hp.
You feel sick.
You take 2 damage, and have 16/46 hp.
You hit the gnoll but do no damage.
You feel sick. The gnoll hits you but does no damage.
The gnoll hits you from afar with a halberd of venom!
* * * LOW HITPOINT WARNING * * *
You are more poisoned.
You take 12 damage, and have 4/46 hp.
MASSIVE DAMAGE!!
You feel better. The gnoll hits you but does no damage.
You regained 8 hp, and now have 12/46 hp.
Items here: ( )) ÷ an uncursed hunting sling; 9 stones; a club; a goblin skeleton
Things that are here:
a club; a goblin skeleton
Things that are here:
a hunting sling; 19 stones; a goblin skeleton
There is an open door here.
You see here a club.
There is a large open door here.
The gnoll throws a throwing net.
The throwing net closely misses you.
You see here a +0 leather armour.
Things that are here:
an uncursed hunting sling; 7 stones
Things that are here:
a hunting sling; 24 stones The gnoll completely misses you.
The gnoll hits you from afar with a halberd of venom.
* * * LOW HITPOINT WARNING * * *
You are poisoned.
You see here a stone.
You take 3 damage, and have 13/46 hp.
You feel sick.
You take 1 damage, and have 12/46 hp.
You feel sick.
You feel sick.
You take 1 damage, and have 11/46 hp.
The gnoll hits you but does no damage. x2
You are lethally poisoned!
* * * LOW HITPOINT WARNING * * *
You feel sick.
You take 1 damage, and have 10/46 hp.
* * * LOW HITPOINT WARNING * * *
You feel sick.
You take 1 damage, and have 9/46 hp.
* * * LOW HITPOINT WARNING * * *
You feel sick. The gnoll barely misses you.
The gnoll hits you from afar with a halberd of venom!
You die...

..##.##.## ##..######.#
####.##.######...##....#
#.##.........#.#.####
#.#########...##.# #.#
#...##.# ###### #.#
#...##.# #..... #.#
#[..##.# ####.###.
#...##.# #......#.
#..@...# #.##.#.#.
#####..g########.##.....
.>......g....(.(......##
.######........(...##.##
...........g.(.(........
.###.######...(.........
.........).(............
.........g(.............
≈.≈......))≈≈≈≈≈.≈.≈≈≈≈≈


You could see 2 gnolls.

Vanquished Creatures
  An iguana (D:2)
  2 gnolls (D:3)
  An adder (D:2)
  2 oozes (D:3)
  A worm (D:2)
  2 dart slugs (D:2)
  3 leopard geckos
  3 orcs (D:3)
  A ball python (D:1)
  7 bats
  A giant cockroach (D:2)
  27 goblins
  18 hobgoblins
  4 jackals (D:3)
  A quokka (D:2)
  4 frilled lizards
  8 kobolds
  5 rats
91 creatures vanquished.

Notes
Turn   | Place    | Note
-------+----------+-------------------------------------------
     0 | D:1      | shakethe the Hill Orc Gladiator began the quest for the Orb.
     0 | D:1      | Reached XP level 1. HP: 18/18 MP: 1/1
   107 | D:1      | Reached XP level 2. HP: 25/25 MP: 2/2
   543 | D:1      | Reached skill level 3 in Fighting
   573 | D:1      | Reached skill level 5 in Axes
   956 | D:2      | Reached XP level 3. HP: 31/31 MP: 3/3
  1164 | D:2      | Reached XP level 4. HP: 27/38 MP: 4/4
  1222 | D:2      | Reached skill level 6 in Axes
  1267 | D:2      | HP: 9/39 [worm (9)]
  1704 | D:2      | Found a sacrificial altar of Ru.
  1863 | D:3      | Found a faded altar of an unknown god.
  2094 | D:3      | Reached XP level 5. HP: 13/46 MP: 5/5
  2094 | D:3      | HP: 10/46 [goblin/stone (3)]
  2383 | D:3      | Reached skill level 4 in Fighting
  2589 | D:3      | HP: 11/46 [poisoned by a gnoll]
  2603 | D:3      | HP: 4/46 [gnoll/halberd of venom (11)]
  2634 | D:3      | HP: 11/46 [poisoned by a gnoll]
  2638 | D:3      | Slain by a gnoll

Skill      XL: |  1  2  3  4  5 |
---------------+----------------+-----
Fighting       | 3 4 |  4.2
Axes           | 5 6 |  6.8
Throwing       | |  1.7
Armour         | |  0.9
Dodging        | |  2.4

Action                   |  1- 3 |  4- 6 || total
-------------------------+-------+-------++-------
Melee: War axe           |    71 |   118 ||   189
  Use: Potion            |       |     3 ||     3
  Eat: Chunk             |     1 |     5 ||     6
Armor: Leather armour    |    27 |    38 ||    65
       Chain mail        |       |    59 ||    59
Dodge: Dodged            |    52 |   111 ||   163

Vault maps used:
D:1:      dpeg_arrival_connections, serial_bayou, serial_bayou_shore_a,
          serial_bayou_lagoon_b, serial_bayou_crossing, serial_bayou_pond_b
D:2:      nicolae_ru_path_of_blood
D:3:      minmay_goblin_kobold_castle, chequers_ecumenical_altar_simple_redux,
          tgw_kikubaaqudgha

Table legend:
 A = Turns spent in this place as a percentage of turns spent in the entire game.
 B = Non-inter-level travel turns spent in this place as a percentage of non-inter-level travel turns spent in the entire game.
 C = Inter-level travel turns spent in this place as a percentage of turns spent in this place.
 D = Turns resting spent in this place as a percentage of non-inter-level travel turns spent in this place.
 E = Turns spent auto-exploring this place as a percentage of non-inter-level travel turns spent in this place.
 F = Non-inter-level travel turns spent in this place divided by the number of levels of this place that you've seen.
                   A       B       C       D       E      F
               +-------+-------+-------+-------+-------+----------------------
         Total | 100.0 | 100.0 |   3.2 |  29.8 |  50.6 | 851.0
       Dungeon | 100.0 | 100.0 |   3.2 |  29.8 |  50.6 | 851.0
               +-------+-------+-------+-------+-------+----------------------

Table legend:
 A = Kills in this place as a percentage of kills in entire the game.
 B = Kills by you in this place as a percentage of kills by you in the entire game.
 C = Kills by friends in this place as a percentage of kills by friends in the entire game.
 D = Other kills in this place as a percentage of other kills in the entire game.
 E = Experience gained in this place as a percentage of experience gained in the entire game.
 F = Experience gained in this place divided by the number of levels of this place that you have seen.
                   A       B       C       D       E      F
               +-------+-------+-------+-------+-------+----------------------
         Total | 100.0 | 100.0 |   N/A |   N/A | 100.0 |  84.7
       Dungeon | 100.0 | 100.0 |   N/A |   N/A | 100.0 |  84.7
               +-------+-------+-------+-------+-------+----------------------
